 Dungeon Crawl Stone Soup version 0.29-a0-841-g116ddc6ace (webtiles) character file.

Game seed: 15596143658557966193

86 IdlyInterested the Cudgeller (level 4, 0/33 HPs)
             Began as a Demonspawn Gladiator on July 14, 2022.
             Slain by a worm (8 damage)
             ... on level 3 of the Dungeon.
             The game lasted 00:06:53 (2455 turns).

IdlyInterested the Cudgeller (Demonspawn Gladiator) Turns: 2455, Time: 00:06:54

Health: 0/33       AC:  6    Str: 17    XL:     4   Next: 27%
Magic:  4/4        EV: 11    Int: 11    God:
Gold:   209        SH:  0    Dex: 14    Spells: 3/3 levels left

rFire   . . .      SeeInvis .   a - +0 flail
rCold   . . .      Faith    .   (no shield)
rNeg    + . .      Spirit   .   i - +0 ring mail
rPois   .          Reflect  .   c - +0 helmet
rElec   .          Harm     .   (no cloak)
rCorr   .          Rampage  .   (no gloves)
Will    .....                   (no boots)
Stlth   +.........              (no amulet)
HPRegen 0.11/turn               j - ring of positive energy
MPRegen 0.09/turn               (no ring)

@: no status effects
A: foul stench 1, big brain 1
a: no special abilities


You were on level 3 of the Dungeon.
You visited 1 branch of the dungeon, and saw 3 of its levels.

You collected 209 gold pieces.

Inventory:

Hand Weapons
 a - a +0 flail (weapon)
Missiles
 b - 3 boomerangs (quivered)
 d - 3 throwing nets
 e - a javelin
Armour
 c - a +0 helmet (worn)
 i - a +0 ring mail (worn)
Jewellery
 j - a ring of positive energy (left hand)
Potions
 f - a potion of heal wounds {unknown}
 g - a potion of curing
 h - a potion of flight {unknown}
 k - a potion of might {unknown}


   Skills:
 - Level 2.0 Fighting
 + Level 3.3 Maces & Flails
 - Level 1.7 Throwing
 * Level 2.4 Armour
 - Level 2.6 Dodging
 - Level 1.0 Stealth
 - Level 1.0 Evocations


You had 3 spell levels left.
You didn't know any spells.
Your spell library contained the following spells:

 Spells                   Type           Power      Damage    Failure   Level
 Summon Small Mammal      Summ           0%         N/A       54%         1
 Call Canine Familiar     Summ           0%         N/A       88%         3
 Confusing Touch          Hex            0%         N/A       88%         3
 Summon Guardian Golem    Hex/Summ       0%         N/A       88%         3
 Yara's Violent Unravell  Hex/Tmut       0%         3d3       100%        5
 Enfeeble                 Hex            0%         N/A       100%        7


Dungeon Overview and Level Annotations

Branches:
Dungeon (3/15)

Altars:
Dithmenos


Innate Abilities, Weirdness & Mutations

You may rarely emit foul miasma when damaged in melee.
You have an unusually large brain. (Int +2)


Message History

The adder is heavily wounded.
You feel sick. The adder bites you.
* * * LOW HITPOINT WARNING * * *
You thump the adder!
You kill the adder!
You feel sick.
The hobgoblin zaps a wand.
You resist with some effort.
You feel sick. The hobgoblin hits you with a +0 club.
* * * LOW HITPOINT WARNING * * *
You emit a cloud of foul miasma!
You see here an adder corpse.
You feel better.
The hobgoblin is engulfed in dark miasma.
The hobgoblin is poisoned.
You kill the hobgoblin!
The ball python barely misses you. The ball python closely misses you.
The ball python barely misses you. x2
Items here: ( ) / †.
You hit the ball python but do no damage.
The ball python bites you.
* * * LOW HITPOINT WARNING * * *
You emit a cloud of foul miasma!
The ball python grabs you. The ball python constricts you.
You closely miss the ball python.
The ball python is engulfed in dark miasma.
The ball python is poisoned.
The ball python bites you.
* * * LOW HITPOINT WARNING * * *
The ball python constricts you.
You thump the ball python!
You kill the ball python!
You start resting.
A worm comes into view.
You see here an adder corpse.
You hit the worm. Your punch misses the worm.
The worm is moderately wounded.
The worm bites you.
* * * LOW HITPOINT WARNING * * *
You hit the worm.
The worm is moderately wounded.
The worm bites you!
You die...

#.###.###...###.#
................#
...S.........#
.#####......#
#.#...## #†##†##
##
#)##.############.
#†##..............
#@###############.
.......w..# ##
$.......#.# #
.########... # ###
## ##. #.. ##. ##


You could see a worm.

Vanquished Creatures
  2 adders
  A worm (D:2)
  A dart slug (D:2)
  4 orcs (D:3)
  6 ball pythons
  6 endoplasms
  A giant cockroach (D:1)
  8 goblins
  4 hobgoblins
  3 jackals (D:2)
  5 kobolds
  4 quokkas
  4 bats
  4 rats
53 creatures vanquished.

Notes
Turn   | Place    | Note
-------+----------+-------------------------------------------
     0 | D:1      | IdlyInterested the Demonspawn Gladiator began the quest for
                  | the Orb.
     0 | D:1      | Reached XP level 1. HP: 16/16 MP: 1/1
   170 | D:1      | Reached skill level 1 in Armour
   188 | D:1      | Gained mutation: You have an unusually large brain. (Int
                  | +2) [demonic ancestry]
   188 | D:1      | Reached XP level 2. HP: 5/22 MP: 2/2
   625 | D:1      | Reached skill level 3 in Maces & Flails
   811 | D:1      | Found a faded altar of an unknown god.
  1076 | D:2      | Found a shadowy altar of Dithmenos.
  1154 | D:2      | Gained mutation: You may rarely emit foul miasma when
                  | damaged in melee. [demonic ancestry]
  1154 | D:2      | Reached XP level 3. HP: 17/27 MP: 3/3
  1668 | D:2      | Reached skill level 1 in Stealth
  2283 | D:3      | Reached XP level 4. HP: 33/33 MP: 4/4
  2292 | D:3      | Reached skill level 1 in Evocations
  2455 | D:3      | Slain by a worm

Illustrated notes

Levels and vault maps discovered:
D:1:      amcnicky_arrival_gap_in_the_tavern_cellar, layout_rooms,
          hellmonk_ecumenical_altar_blasted, chequers_serial_rivers_large_b
D:2:      layout_rooms, basic_altar, mrwooster_statue_mirror
D:3:      layout_loops_ring, tso_altar, lightli_temple_of_fire,
          minmay_goblin_kobold_house

Skill      XL: |  1  2  3  4 |
---------------+-------------+-----
Armour         | 1 2 |  2.4
Maces & Flails | 3 |  3.3
Stealth        | 1 |  1.0
Evocations     | 1 |  1.0
Fighting       | |  2.0
Throwing       | |  1.7
Dodging        | |  2.6

Action                   |  1- 3 |  4- 6 || total
-------------------------+-------+-------++-------
Melee: Flail             |   150 |    25 ||   175
       Punch             |     1 |     2 ||     3
  Use: Scroll            |     3 |       ||     3
       Potion            |     1 |     1 ||     2
Armor: Leather armour    |    50 |       ||    50
       Ring mail         |    16 |    11 ||    27
Dodge: Dodged            |   127 |    16 ||   143

Table legend: (Time is in decaauts)
 A = Elapsed time spent in this place.
 B = Non-inter-level travel time spent in this place.
 C = Inter-level travel time spent in this place.
 D = Time resting spent in this place.
 E = Time spent auto-exploring this place.
 F = Levels seen in this place.
 G = Mean time per level.
                   A        B        C        D        E       F      G
               +--------+--------+--------+--------+--------+-----+--------+
         Total |   2521 |   2436 |     85 |    951 |    951 |   3 |  840.3 |
       Dungeon |   2521 |   2436 |     85 |    951 |    951 |   3 |  840.3 |
               +--------+--------+--------+--------+--------+-----+--------+

Top non-repeatable levels by time:
     D:2: 1179 daAuts
     D:1: 1136 daAuts
     D:3: 204 daAuts
